AoeStats
← Chigüiro

Lombardia

509007445Analyzed
4v4 RM · 7d ago on Sep 25, 2026· 54m 29s· 8 players
Game mode
Random Map
Map size
Large (8 player)
Population
200
Speed
Normal
Resources
Standard
Victory
Conquest
Starting age
Dark Age
Ending age
Imperial Age
RankedLock teamsTeams togetherTeam positionsShared explorationLock speedFull tech treeHidden civsTurbo modeCheats
Victory
Defeat
🇩🇴 Italians · Dominican Republic
1639
+14
🇨🇴 Saracens · Colombia
1525
+18
🇺🇸 Burgundians · United States
1478
+20
🇩🇴 Dravidians · Dominican Republic
1432
+23
🇹🇼 Bulgarians · Taiwan
1610
-20
🇪🇸 Magyars · Spain
1589
-19
🇺🇸 Berbers · United States
1581
-19
🇦🇷 Malay · Argentina
1533
-17
Chigüiro
6:55 Loom
7:13 Loom
9:18 Feudal Age
10:19 Double-Bit Axe
13:39 Fletching
16:00 Horse Collar
24:46 Castle Age
23:31 Gold Mining
25:18 Crossbowman
26:00 Bodkin Arrow
28:13 Gold Shaft Mining
30:28 Ballistics
34:05 Imperial Age
31:44 Stone Mining
35:48 Forging
35:42 Husbandry
35:52 Bloodlines
36:08 Siege Engineers
37:07 Iron Casting
37:11 Elite Mameluke
40:30 Blast Furnace
41:36 Conscription
41:58 Scale Barding Armor
42:30 Bimaristan
44:22 Caravan
46:32 Wheelbarrow
46:45 Bracer
48:00 Onager
RD | Telematico
10:34 Feudal Age
10:06 Loom
15:26 Castle Age
14:12 Double-Bit Axe
14:08 Horse Collar
21:17 Heavy Plow
21:29 Bow Saw
23:52 Heavy Plow
23:43 Gold Mining
24:59 Wheelbarrow
29:11 Imperial Age
26:59 Hand Cart
26:30 Town Watch
27:00 Fletching
27:08 Stone Mining
27:19 Padded Archer Armor
27:47 Ballistics
28:59 Town Patrol
29:53 Bodkin Arrow
30:13 Leather Archer Armor
29:53 Bodkin Arrow
31:12 Two-Man Saw
30:54 Bracer
31:56 Chemistry
30:47 Elite Elephant Archer
32:33 Ring Archer Armor
33:58 Caravan
35:09 Thumb Ring
35:38 Conscription
35:31 Forging
35:22 Scale Mail Armor
35:32 Forging
35:22 Scale Mail Armor
35:59 Squires
36:50 Iron Casting
36:38 Wootz Steel
36:29 Medical Corps
36:21 Arson
37:18 Chain Mail Armor
39:37 Blast Furnace
39:44 Plate Mail Armor
39:35 Wootz Steel
40:42 Hoardings
44:13 Masonry
44:01 Murder Holes
47:00 Coinage
46:40 Guilds
47:34 Guard Tower
47:29 Arrowslits
49:42 Keep
49:29 Bombard Tower
51:58 Banking
busy pushing deer
4:38 Double-Bit Axe
12:37 Feudal Age
11:26 Horse Collar
13:29 Bow Saw
14:07 Stone Mining
14:19 Heavy Plow
18:18 Castle Age
18:04 Stone Shaft Mining
17:21 Gold Mining
20:06 Two-Man Saw
20:57 Gold Shaft Mining
21:49 Fervor
22:18 Wheelbarrow
26:31 Fortified Wall
26:43 Ballistics
26:45 Pikeman
31:00 Scale Mail Armor
31:11 Forging
34:09 Imperial Age
31:28 Loom
31:29 Town Watch
34:11 Chain Mail Armor
34:32 Iron Casting
34:16 Halberdier
34:57 Squires
36:18 Plate Mail Armor
36:52 Chemistry
35:43 Guard Tower
35:42 Capped Ram
38:49 Blast Furnace
37:40 Fletching
38:44 Caravan
39:14 Coinage
38:55 Guilds
40:08 Scale Barding Armor
39:59 Bodkin Arrow
40:05 Padded Archer Armor
40:23 Husbandry
39:44 Light Cavalry
40:57 Hussar
40:58 Cavalier
42:04 Chain Barding Armor
42:38 Bracer
43:27 Plate Barding Armor
44:14 Paladin
50:12 Paladin
52:25 Padded Archer Armor
53:05 Treadmill Crane
54:58 Bombard Tower
RD | Frostwhispers
8:55 Loom
10:44 Feudal Age
17:12 Castle Age
15:47 Double-Bit Axe
16:19 Fletching
16:10 Horse Collar
18:06 Bodkin Arrow
18:23 Bow Saw
23:02 Wheelbarrow
24:30 Ballistics
25:16 Padded Archer Armor
29:29 Leather Archer Armor
30:51 Hand Cart
30:47 Gold Mining
34:01 Imperial Age
32:25 Heavy Plow
33:28 Thumb Ring
34:17 Elite Genoese Crossbowman
35:39 Bracer
36:10 Ring Archer Armor
36:41 Chemistry
35:16 Elite Genoese Crossbowman
37:46 Conscription
40:25 Stone Mining
40:53 Caravan
42:11 Two-Man Saw
41:42 Crop Rotation
41:49 Stone Shaft Mining
41:38 Bombard Tower
43:28 Town Watch
Freakcles
6:47 Loom
10:47 Feudal Age
16:10 Castle Age
16:08 Double-Bit Axe
24:35 Bow Saw
24:15 Horse Collar
29:38 Bloodlines
31:08 Scale Barding Armor
31:28 Husbandry
34:09 Chain Barding Armor
34:31 Wheelbarrow
37:06 Imperial Age
35:33 Forging
36:48 Fletching
37:33 Iron Casting
37:37 Gold Mining
37:46 Bodkin Arrow
38:01 Elite Genitour
38:57 Thumb Ring
38:16 Elite Genitour
39:13 Bracer
39:14 Padded Archer Armor
42:54 Chemistry
42:14 Ballistics
42:13 Leather Archer Armor
45:44 Elite Camel Archer
46:53 Hand Cart
46:05 Capped Ram
48:58 Heavy Camel Rider
51:51 Light Cavalry
52:32 Town Watch
53:35 Plate Barding Armor
54:01 Blast Furnace
53:32 Ring Archer Armor
52:49 Hussar
Glaki
5:39 Loom
9:31 Feudal Age
10:19 Double-Bit Axe
20:17 Castle Age
19:51 Horse Collar
20:07 Gold Mining
20:34 Scale Barding Armor
20:51 Bloodlines
21:44 Bow Saw
24:34 Fletching
24:58 Padded Archer Armor
24:43 Elite Skirmisher
25:41 Bodkin Arrow
27:30 Leather Archer Armor
27:57 Ballistics
31:07 Wheelbarrow
31:40 Gold Shaft Mining
33:12 Thumb Ring
36:05 Imperial Age
34:16 Hand Cart
33:47 Town Watch
34:54 Stone Mining
35:05 Heavy Plow
36:15 Heavy Cavalry Archer
37:20 Parthian Tactics
37:00 Bracer
37:31 Ring Archer Armor
38:08 Chemistry
38:22 Bloodlines
38:12 Husbandry
43:20 Coinage
42:50 Caravan
45:12 Recurve Bow
45:33 Conscription
45:14 Corvinian Army
44:36 Elite Magyar Huszar
45:38 Chain Barding Armor
53:01 Banking
杜孤
11:26 Feudal Age
16:06 Castle Age
13:55 Double-Bit Axe
14:14 Horse Collar
17:21 Bow Saw
17:22 Loom
17:43 Heavy Plow
21:34 Wheelbarrow
26:58 Town Watch
28:57 Hand Cart
29:00 Stone Mining
29:01 Gold Mining
32:31 Imperial Age
30:17 Scale Barding Armor
30:22 Forging
31:27 Chain Barding Armor
31:42 Iron Casting
31:10 Scale Mail Armor
32:04 Gold Shaft Mining
32:42 Husbandry
32:53 Bloodlines
32:34 Capped Ram
34:05 Plate Barding Armor
33:46 Chain Mail Armor
34:45 Elite Konnik
36:41 Crop Rotation
37:13 Blast Furnace
37:12 Fletching
38:28 Chemistry
37:49 Ballistics
38:31 Chemistry
39:07 Conscription
38:43 Stirrups
39:24 Light Cavalry
40:04 Onager
41:20 Hussar
44:41 Bodkin Arrow
50:50 Caravan
SCV
12:37 Feudal Age
15:42 Castle Age
14:18 Double-Bit Axe
14:14 Horse Collar
16:01 Bow Saw
16:29 Loom
25:34 Wheelbarrow
26:25 Gold Mining
27:47 Hand Cart
30:55 Imperial Age
29:50 Husbandry
30:13 Scale Barding Armor
30:19 Forging
29:54 Elite Battle Elephant
33:03 Iron Casting
36:01 Fletching
38:16 Conscription
38:04 Forced Levy
40:16 Murder Holes
40:07 Onager
41:57 Siege Engineers
42:53 Chemistry
41:34 Man-at-Arms
42:15 Squires
42:01 Arson
43:28 Bodkin Arrow
44:34 Blast Furnace
42:55 Long Swordsman
44:12 Two-Handed Swordsman
44:53 Bracer
46:36 Caravan
52:57 Coinage
Connection lost

Rejoining the realm…

Still unreachable

The connection could not be restored.

Session expired

The server has moved on; the page needs a fresh start.